 Dungeon Crawl Stone Soup version 0.16.1-51-g6203257 (webtiles) character file.

154 kae the Slasher (level 5, 0/34 HPs)
             Began as a High Elf Skald on July 11, 2015.
             Was an Initiate of Okawaru.
             Killed by divine providence
             ... invoked by an orc priest
              (16 damage)
             ... on level 3 of the Dungeon.
             The game lasted 00:03:09 (3467 turns).

kae the Slasher (High Elf Skald)                    Turns: 3467, Time: 00:03:09

Health: 0/34       AC:  5    Str: 11    XL:     5   Next: 13%
Magic:  12/12      EV: 11    Int: 15    God:    Okawaru [......]
Gold:   129        SH:  0    Dex: 18    Spells: 1 memorised, 7 levels left

rFire  . . .     SeeInvis .     a - +0 falchion
rCold  . . .     Clarity  .     b - +0 leather armour
rNeg   . . .     SustAb   .     (no shield)
rPois  .         Gourm    .     (no helmet)
rElec  .         Spirit   .     (no cloak)
rCorr  .         Warding  .     (no gloves)
rMut   .         Stasis   .     (no boots)
MR     .....                    (no amulet)
Stlth  +.........               (no ring)
                                (no ring)

@: infused, not resistant to hostile enchantments, very unstealthy
A: slimy green scales 1, agile 1, deterioration 1
a: Renounce Religion


You were on level 3 of the Dungeon.
You worshipped Okawaru.
Okawaru was noncommittal.
You were very hungry.

You visited 1 branch of the dungeon, and saw 3 of its levels.

You collected 129 gold pieces.

Inventory:

Hand weapons
 a - a +0 falchion (weapon)
Armour
 b - a +0 leather armour (worn)
Scrolls
 e - 2 scrolls of random uselessness {unknown}
 f - a scroll of recharging {unknown}
 h - a scroll of blinking {unknown}
 i - 2 scrolls of remove curse {unknown}
 j - a scroll of noise {unknown}
 k - 2 scrolls of identify {unknown}
 l - 2 scrolls of fog {unknown}
 m - a scroll of teleportation {unknown}
 o - a scroll of enchant armour {unknown}
 q - a scroll of fear {unknown}
Potions
 n - 2 potions of curing
 s - a potion of flight {unknown}
 t - a potion of ambrosia {unknown}
 u - a potion of poison {unknown}
Books
 c - a book of Battle

   Spells                             Type                      Level
   a - Infusion                       Charms                       1
   b - Shroud of Golubria             Charms/Translocation         2
   c - Song of Slaying                Charms                       2
   d - Spectral Weapon                Hexes/Charms                 3
   e - Regeneration                   Charms/Necromancy            3
Comestibles
 d - 3 bread rations
 g - 3 meat rations
 r - a fruit


   Skills:
 - Level 2.0 Fighting
 + Level 6.5 Long Blades
 - Level 0.8 Armour
 - Level 1.1 Dodging
 - Level 2.4 Spellcasting
 - Level 3.6 Charms


You had 7 spell levels left.
You knew the following spells:

 Your Spells              Type           Power        Failure   Level  Hunger
a - Infusion              Chrm           ##....       10%         1    #......


Dungeon Overview and Level Annotations

Branches:
Dungeon (3/15)

Altars:
Okawaru


Innate Abilities, Weirdness & Mutations

You are partially covered in slimy green scales (AC +2).
You are agile. (Dex +2)
Your body is slowly deteriorating.


Message History

The orc barely misses you.
You closely miss the orc priest.
The orc priest utters an invocation to Beogh.
You feel a wave of unholy energy pass over you.
The orc hits you with a club.
Drink which item? (? for menu, Esc to quit)
Okay, then.
Read which item? (? for menu, Esc to quit)
Okay, then.
Unknown command.
You aren't carrying any pieces of jewellery.
Unknown command.
You aren't carrying any items that can be evoked.
Unknown command.
Drink which item? (? for menu, Esc to quit)
It was a potion of magic.
Magic courses through your body.
You hear some strange, mumbled words.
The orc priest mumbles some strange prayers to Beogh against you.
Something smites you!
You die...

...#......# ##..#
.........#.####...###
.......##............#
.......# #.>.#.....##..
........# ###.#...#.####
........#####.....#.#
......{...........#.####
.......oo#
##............
#@###..##.....####
#..#..####...## ##...##
###.# #.### #.# ### ###


You could see an orc priest and an orc.

Vanquished Creatures
  An orc wizard (D:3)
  4 adders (D:2)
  2 giant mites
  A worm (D:2)
  4 orcs
  A ball python (D:2)
  6 bats
  2 giant cockroaches (D:2)
  4 goblins
  13 hobgoblins
  7 jackals
  2 oozes
  3 giant geckos
  2 giant newts (D:1)
  6 kobolds
  8 rats
66 creatures vanquished.

Notes
Turn   | Place    | Note
--------------------------------------------------------------
     0 | D:1      | kae, the High Elf Skald, began the quest for the Orb.
     0 | D:1      | Reached XP level 1. HP: 14/14 MP: 4/4
   325 | D:1      | Reached XP level 2. HP: 9/19 MP: 6/6
   675 | D:1      | Reached skill level 4 in Long Blades
  1090 | D:1      | Reached XP level 3. HP: 13/24 MP: 8/8
  1892 | D:2      | Reached skill level 5 in Long Blades
  2171 | D:2      | Reached XP level 4. HP: 20/29 MP: 11/11
  2257 | D:2      | Found an iron altar of Okawaru.
  2279 | D:2      | Gained mutation: You are agile. (Dex +2) [potion of mutation]
  2279 | D:2      | Gained mutation: You are partially covered in slimy green scales (AC +2). [potion of mutation]
  2279 | D:2      | Gained mutation: Your body is slowly deteriorating. [potion of mutation]
  2279 | D:2      | HP: 1/29 [kobold (2)]
  2462 | D:2      | Became a worshipper of Warmaster Okawaru
  2718 | D:2      | Reached skill level 6 in Long Blades
  3042 | D:3      | Reached XP level 5. HP: 18/34 MP: 9/12
  3467 | D:3      | Killed from afar by an orc priest

Action                   |  1- 3 |  4- 6 || total
-------------------------+-------+-------++-------
Melee: Falchion          |   101 |    86 ||   187
 Cast: Infusion          |     5 |    11 ||    16
  Use: Potion            |       |     3 ||     3
 Stab: Sleeping          |     1 |       ||     1
  Eat: Chunk             |     4 |     3 ||     7
